 Dungeon Crawl Stone Soup version 0.19-a0-1907-gcff654f (webtiles) character file.

88 Disciple the Cudgeler (level 4, 4/38 HPs)
             Began as a Draconian Monk on Oct 22, 2016.
             Quit the game on level 2 of the Dungeon.
             The game lasted 00:03:18 (1838 turns).

Disciple the Cudgeler (Draconian Monk)              Turns: 1838, Time: 00:03:19

Health: 4/38       AC:  5    Str: 11 (14) XL:     4   Next: 29%
Magic:  4/4        EV: 13    Int:  7 (10) God:
Gold:   12         SH:  0    Dex: 12 (14) Spells: 0 memorised, 3 levels left

rFire  . . .     SeeInvis .     a - +0 mace
rCold  . . .     Gourm    .     (armour unavailable)
rNeg   . . .     Faith    .     (no shield)
rPois  .         Spirit   .     (helmet restricted)
rElec  .         Reflect  .     (no cloak)
rCorr  .         Harm     .     (no gloves)
MR     .....                    (no boots)
Stlth  ++........               (no amulet)
                                (no ring)
                                g - ring of wizardry

@: lethally poisoned (4 -> 0)
A: unfitting armour, cold-blooded, AC +5
a: no special abilities


You were on level 2 of the Dungeon.
You were not hungry.

You visited 1 branch of the dungeon, and saw 2 of its levels.

You collected 12 gold pieces.

Inventory:

Hand Weapons
 a - a +0 mace (weapon)
Jewellery
 g - a ring of wizardry (left hand)
Scrolls
 d - 3 scrolls of identify {unknown}
 e - a scroll of enchant weapon {unknown}
 l - a scroll of remove curse {unknown}
 m - 2 scrolls of enchant armour {unknown}
 o - a scroll of fear {unknown}
 p - a scroll of random uselessness {unknown}
Potions
 h - a potion of degeneration
 j - a potion of flight
Comestibles
 b - 2 bread rations
 c - a beef jerky
 f - 2 meat rations
 i - a royal jelly
 n - 3 chunks of flesh


   Skills:
 - Level 3.2 Fighting
 + Level 5.1 Maces & Flails
 - Level 2.6 Dodging
 - Level 1.7 Stealth


You had 3 spell levels left.
You didn't know any spells.

Dungeon Overview and Level Annotations

Branches:
Dungeon (2/15)

Altars:


Innate Abilities, Weirdness & Mutations

Your plain brown scales are hard. (AC +5)
You cannot fit into any form of body armour.
You are cold-blooded and may be slowed by cold attacks.


Message History

You feel very buoyant.
You fly up into the air.
It was a potion of cancellation.
Your magical effects are unravelling.
You feel magically purged.
You float gracefully downwards.
You feel a little less agile now.
* * * LOW HITPOINT WARNING * * *
You feel sick.
* * * LOW HITPOINT WARNING * * *
You feel sick.
* * * LOW HITPOINT WARNING * * *
You feel sick.
You see here 2 sapphire potions.
h - 2 sapphire potions
* * * LOW HITPOINT WARNING * * *
You feel sick.
It was a potion of degeneration.
There was something very wrong with that liquid.
You feel weakened.
You feel dopey.
You feel clumsy.
Are you sure you want to abandon this character and quit the game? (Confirm with "yes".)

#.. .. #+##.##
.#################
.[.....
..............>...
.......##
######.##########
........########.#
#..
......††......##.###
#..
........#####......#
#..
...###...@....##.#.#
#.. .
#...$....+...... +..
#........#....####
#..
#........#....##..
+..
##..######....##.#
#.. ##.# #....##.#
#..
#+######....##.###..
..........#....+..
........###..###..


There were no monsters in sight!

Vanquished Creatures
  4 adders (D:2)
  A leopard gecko (D:2)
  3 ball pythons
  A giant cockroach (D:1)
  8 goblins
  9 hobgoblins
  5 kobolds
  A quokka (D:2)
  6 bats
  2 frilled lizards
  9 rats
49 creatures vanquished.

Notes
Turn   | Place    | Note
-------+----------+-------------------------------------------
     0 | D:1      | Disciple the Draconian Monk began the quest for the Orb.
     0 | D:1      | Reached XP level 1. HP: 19/19 MP: 1/1
   185 | D:1      | Reached XP level 2. HP: 26/26 MP: 2/2
   577 | D:1      | Reached skill level 4 in Maces & Flails
   885 | D:1      | Reached XP level 3. HP: 30/31 MP: 3/3
  1442 | D:2      | HP: 1/31 [quokka (4)]
  1750 | D:2      | Reached XP level 4. HP: 38/38 MP: 4/4
  1790 | D:2      | Reached skill level 5 in Maces & Flails
  1838 | D:2      | Quit the game

Vault maps used:
D:1:      elethiomel_arrival_diamonds, minmay_circled_x

Skill      XL: |  1  2  3  4 |
---------------+-------------+-----
Maces & Flails | 4 5 |  5.1
Fighting       | |  3.2
Dodging        | |  2.6
Stealth        | |  1.7

Action                   |  1- 3 |  4- 6 || total
-------------------------+-------+-------++-------
Melee: Mace              |   129 |    22 ||   151
       Tailslap          |    12 |     1 ||    13
  Use: Potion            |       |     4 ||     4
 Stab: Sleeping          |     4 |       ||     4
  Eat: Chunk             |     2 |     1 ||     3
Armor: Skin              |    54 |     6 ||    60
Dodge: Dodged            |   114 |    20 ||   134
